 Dungeon Crawl Stone Soup version 0.29.1-1-gd02db6906a (webtiles) character file.

Game seed: 17140587802174004083

46 Kaiern the Shooter (level 3, -1/25 HPs)
             Began as an Octopode Hunter on Oct 7, 2022.
             Slain by a gnoll
             ... wielding a +0 spear
              (4 damage)
             ... on level 2 of the Dungeon.
             The game lasted 00:02:49 (1169 turns).

Kaiern the Shooter (Octopode Hunter)                Turns: 1169, Time: 00:02:50

Health: -1/25      AC:  1    Str: 10    XL:     3   Next: 68%
Magic:  3/3        EV: 14    Int: 11    God:
Gold:   96         SH:  0    Dex: 17    Spells: 2/2 levels left

rFire   . . .      SeeInvis .   a - +0 shortbow
rCold   . . .      Faith    .   (shield currently unavailable)
rNeg    . . .      Spirit   .   (helmet restricted)
rPois   .          Reflect  .   (no amulet)
rElec   .          Harm     .   (no ring)
rCorr   .          Rampage  .   (no ring)
Will    .....                   (no ring)
Stlth   +++.......              (no ring)
HPRegen 0.08/turn               (no ring)
MPRegen 0.08/turn               (no ring)
                                (no ring)
                                (no ring)

@: no status effects
A: almost no armour, amphibious, 8 rings, camouflage 1, gelatinous body 1,
(nimble swimmer 1), tentacles
a: no special abilities


You were on level 2 of the Dungeon.
You visited 1 branch of the dungeon, and saw 2 of its levels.

You collected 96 gold pieces.

Inventory:

Hand Weapons
 a - a +0 shortbow (weapon)
Scrolls
 b - 2 scrolls of immolation
 c - a scroll of torment {unknown}
 d - 3 scrolls of magic mapping {unknown}
 e - a scroll of identify {unknown}
 f - a scroll of blinking {unknown}
 h - a scroll of amnesia {unknown}
Potions
 g - 2 potions of ambrosia {unknown}
 i - a potion of brilliance {unknown}


   Skills:
 + Level 2.6 Fighting
 + Level 4.4 Ranged Weapons
 + Level 2.4 Dodging
 + Level 2.6 Stealth


You had 2 spell levels left.
You didn't know any spells.
Your spell library contained the following spells:

 Spells                   Type           Power      Damage    Failure   Level
 Blink                    Tloc           0%         N/A       47%         2
 Sublimation of Blood     Necr           0%         N/A       47%         2
 Confusing Touch          Hex            0%         N/A       71%         3
 Petrify                  Tmut/Erth      0%         N/A       98%         4
 Alistair's Intoxication  Tmut/Pois      0%         N/A       100%        5
 Borgnjor's Vile Clutch   Necr/Erth      0%         N/A       100%        5
 Irradiate                Conj/Tmut      0%         3d11      100%        5
 Manifold Assault         Tloc           0%         N/A       100%        5
 Yara's Violent Unravell  Hex/Tmut       0%         3d3       100%        5
 Eringya's Noxious Bog    Tmut/Pois      0%         N/A       100%        6
 Enfeeble                 Hex            0%         N/A       100%        7
 Storm Form               Tmut/Air       0%         N/A       100%        7


Dungeon Overview and Level Annotations

Branches:
Dungeon (2/15)

Altars:


Innate Abilities, Weirdness & Mutations

You cannot wear most types of armour.
You are amphibious.
You can wear up to eight rings at the same time.
Your skin changes colour to match your surroundings (Stealth+).
Your rubbery body absorbs attacks. (AC +1, EV +1)
((You are camouflaged when in or above water. (Stealth+)))
You have tentacles for arms and can constrict up to eight enemies at once.


Message History

You kill the ball python!
A rat comes into view.
You shoot an arrow. The arrow hits the rat!
You kill the rat!
You see here a rat corpse.
Found a scale mail.
An endoplasm comes into view.
Found 6 stones.
An endoplasm is nearby!
You shoot an arrow. The arrow hits the endoplasm!
You kill the endoplasm!
You now have 96 gold pieces (gained 12).
i - a white potion You see here a +0 scale mail.
You pick up a book of Alchemy and begin reading...
You add the spells Sublimation of Blood, Petrify and Irradiate to your library.
A rat comes into view.
A rat is nearby!
You shoot an arrow. The arrow hits the rat!
You kill the rat!
A gnoll comes into view. It is wielding a +0 spear.
A gnoll is nearby!
Found a robe.
You shoot an arrow. The arrow hits the gnoll.
The gnoll is lightly wounded.
The gnoll hits you with a +0 spear.
You shoot an arrow. The arrow hits the gnoll.
The gnoll is heavily wounded.
The gnoll hits you with a +0 spear.
You shoot an arrow. The arrow closely misses the gnoll.
The gnoll hits you with a +0 spear! x2
* * * LOW HITPOINT WARNING * * *
You are too injured to fight recklessly!
Fire: a) +0 shortbow
Press: ? - help, Q - select action Shift-Dir - straight line, f/p - gnoll
Aim: a gnoll, wielding a +0 spear (heavily wounded, 66% to hit)
You shoot an arrow. The arrow hits the gnoll.
The gnoll is severely wounded.
The gnoll hits you with a +0 spear.
You die...

#.....##..#+###.# #.#. #....
#......<........##.#.# ####.
#.....#####.#####.#.### #.
#.......# ### #.#.##.## ##
#...#.#.# ##.#.##.#.##
#...#.#.# ##.#[##.#.#.##
#.(......#####.#.##.#.#.#.##
#.#..##....##g#.##.#..##.#.##
......
#..#..##@#.##.#..##.#.##
...P.
#..#...##.#.##.#..##.#.## ###
#.....#.##.#.##.[#.##.#.#
##.#.#.#.##.#.##..#.##.#.
...#.##.#.##.#.##.(#.##.#
..####.###.#.##.#.#.#.##.#† .
#.# ##.#.##.#.#.##.#.# #.#
##.#.##.#.##.#.## #+
##.#.##.##.#.##


You could see a gnoll.

Vanquished Creatures
  2 dart slugs (D:1)
  3 ball pythons
  4 endoplasms
  4 giant cockroaches
  3 goblins (D:1)
  4 hobgoblins
  2 quokkas (D:1)
  5 bats
  4 frilled lizards
  2 kobolds
  6 rats
39 creatures vanquished.

Notes
Turn   | Place    | Note
-------+----------+-------------------------------------------
     0 | D:1      | Kaiern the Octopode Hunter began the quest for the Orb.
     0 | D:1      | Reached XP level 1. HP: 14/14 MP: 1/1
    78 | D:1      | Found a faded altar of an unknown god.
   164 | D:1      | Reached XP level 2. HP: 19/19 MP: 2/2
   616 | D:1      | Reached XP level 3. HP: 25/25 MP: 3/3
  1169 | D:2      | Slain by a gnoll

Illustrated notes

Levels and vault maps discovered:
D:1:      psy_arrival_terrarium, layout_basic, shapermc_ecumenical_altar_venn
D:2:      minmay_inner_zag, layout_basic, corexii_shack

Skill      XL: |  1  2 |
---------------+-------+-----
Stealth        | 2 |  2.6
Fighting       | |  2.6
Ranged Weapons | |  4.4
Dodging        | |  2.4

Action                   || total
-------------------------++-------
 Fire: Shortbow          ||    86
Dodge: Dodged            ||    18
